AoeStats
← McPai

Arena

510079624Analyzed
4v4 RM · 3d ago on Sep 29, 2026· 23m 18s· 8 players
Game mode
Random Map
Map size
Large (8 player)
Population
200
Speed
Normal
Resources
Standard
Victory
Conquest
Starting age
Dark Age
Ending age
Imperial Age
RankedLock teamsTeams togetherTeam positionsShared explorationLock speedFull tech treeHidden civsTurbo modeCheats
Victory
Defeat
🇨🇳 Italians · China
902
+16
🇮🇳 Persians · India
891
+17
🇨🇿 Malay · Czechia
888
+17
🇩🇰 Mongols · Denmark
856
+18
🇦🇺 Persians · Australia
934
-18
🇮🇩 Cumans · Indonesia
914
-17
🇨🇳 Teutons · China
903
-17
🇨🇳 Danes · China
892
-16
kwik
11:08 Feudal Age
10:12 Loom
12:22 Horse Collar
12:29 Double-Bit Axe
15:18 Castle Age
16:20 Heavy Plow
16:31 Bow Saw
21:53 Wheelbarrow
21:04 Town Watch
Bc. .
10:06 Feudal Age
16:26 Castle Age
19:18 Horse Collar
19:25 Double-Bit Axe
22:54 Heavy Plow
23:06 Bow Saw
495556203
0:28 Loom
10:50 Feudal Age
11:57 Double-Bit Axe
11:54 Horse Collar
12:18 Gold Mining
13:05 Wheelbarrow
12:24 Stone Mining
13:34 Town Watch
18:58 Castle Age
19:04 Fletching
19:15 Padded Archer Armor
20:12 Hand Cart
20:10 Bow Saw
20:38 Stone Shaft Mining
20:05 Heavy Plow
Cr4mer
11:01 Feudal Age
12:07 Double-Bit Axe
15:12 Castle Age
19:23 Loom
美少女王兔
10:46 Feudal Age
15:07 Castle Age
13:37 Double-Bit Axe
13:34 Horse Collar
18:00 Bow Saw
17:52 Heavy Plow
22:11 Wheelbarrow
22:55 Gold Mining
McPai
0:34 Loom
10:50 Feudal Age
11:58 Man-at-Arms
21:13 Forging
25:27 Castle Age
23:12 Horse Collar
小笼包的诺姆
10:53 Feudal Age
11:54 Double-Bit Axe
12:47 Loom
15:17 Castle Age
13:09 Double-Bit Axe
13:23 Gold Mining
14:04 Horse Collar
18:30 Scale Mail Armor
20:16 Bow Saw
23:07 Wheelbarrow
23:10 Heavy Plow
24:29 Gold Shaft Mining
sarif1ndustries
4:36 Loom
10:57 Feudal Age
13:43 Wheelbarrow
13:50 Horse Collar
17:49 Castle Age
18:02 Castle Age
16:26 Gold Mining
16:28 Double-Bit Axe
Connection lost

Rejoining the realm…

Still unreachable

The connection could not be restored.

Session expired

The server has moved on; the page needs a fresh start.